Predators vs Flyers

Created - January-14-15 at 20:19

Goals
1 2 3 T
Predators 2 1 2 5
Flyers 0 2 2 4
Shots
1 2 3 T
Predators 12 9 17 38
Flyers 9 12 13 34

1st period

1. Predators , Justin Abdelkader 2 (Brandon Prust, Jordie Benn) at 5:44
2. Predators , Zach Bogosian 5 (Max Pacioretty, Zbynek Michalek) at 13:34

Penalties :
Mike Ribeiro (PHI) for Cross-checking (Minor) at 3:10, Cody Franson (NSH) for Roughing (Minor) at 3:10, Zach Bogosian (NSH) for Hooking (Minor) at 14:45, Brian Gibbons (PHI) for Interference (Minor) at 18:53

2nd period

3. Flyers , Dan Boyle 8 (Mike Santorelli) at 8:00 (PP)
4. Predators , Jaden Schwartz 15 (Roman Josi, Valtteri Filppula) at 17:32 (PP)
5. Flyers , Gabriel Bourque 6 (Olli Jokinen, Philip Larsen) at 18:46

Penalties :
Valtteri Filppula (NSH) for Boarding (Minor) at 0:58, Jordie Benn (NSH) for Cross-checking (Minor) at 3:27, Casey Cizikas (NSH) for Tripping (Minor) at 7:28, T.J. Oshie (NSH) for Interference (Minor) at 14:18, Marek Zidlicky (PHI) for Roughing (Minor) at 17:28

3rd period

6. Flyers , Daniel Sedin 23 (Kyle Okposo) at 7:13 (PP)
7. Flyers , Kyle Okposo 27 (Daniel Sedin) at 10:24
8. Predators , Steven Stamkos 23 (T.J. Oshie, Roman Josi) at 16:32
9. Predators , T.J. Oshie 21 (Anton Stralman, Valtteri Filppula) at 17:56 (PP)

Penalties :
Cody Franson (NSH) for Goalie Interference (Minor) at 7:11, Casey Cizikas (NSH) for Hooking (Minor) at 11:54, Olli Jokinen (PHI) for Roughing (Minor) at 16:33

Goalie Stats

Anton Khudobin (NSH), 30 saves from 34 shots - (0.882), W, 21-8-2, 60:00 minutes
Craig Anderson (PHI), 33 saves from 38 shots - (0.868), L, 10-9-1, 60:00 minutes

Players Stats for Predators

Player Name              G  A  P  +/- PIM S  H  SB GA TA FO     MP     PP MP  PK MP  
------------------------------------------------------------------------------------
Anton Stralman           0  1  1   1  0   1  3  0  0  0  0/0    13:28   1:21   0:00 
Artem Anisimov           0  0  0   1  0   3  0  0  0  0  3/4    17:53   1:21   2:18 
Brandon Prust            0  1  1   1  0   0  0  0  0  0  1/1     5:23   0:00   2:18 
Casey Cizikas            0  0  0   0  4   1  2  0  0  0  20/30  16:34   0:00   5:41 
Cody Franson             0  0  0   0  4   1  1  2  0  0  0/0    21:50   0:00   4:43 
Derick Brassard          0  0  0   0  0   3  2  0  0  0  0/0    11:33   0:00   0:00 
Jaden Schwartz           1  0  1  -1  0   5  0  0  0  0  0/1    17:13   0:47   0:34 
Jordie Benn              0  1  1   1  2   2  1  0  0  0  0/0    16:50   0:28   4:27 
Justin Abdelkader        1  0  1   1  0   2  1  0  0  0  0/0     4:05   0:28   0:32 
Max Pacioretty           0  1  1  -1  0   4  2  0  0  0  1/1    18:46   1:33   0:00 
Nicklas Backstrom        0  0  0  -1  0   5  1  0  0  0  18/22  18:57   1:33   0:00 
Patrik Berglund          0  0  0   1  0   0  0  1  0  0  3/6     3:05   0:00   0:00 
Roman Josi               0  2  2   0  0   2  0  0  0  0  0/0    22:39   1:37   2:00 
Steven Stamkos           1  0  1   1  0   4  2  0  0  0  13/23  16:52   2:11   0:00 
T.J. Oshie               1  1  2   1  2   2  3  0  0  0  2/2    22:11   1:53   6:05 
Valtteri Filppula        0  2  2   0  2   1  0  0  0  0  8/14   16:17   1:53   3:30 
Zach Bogosian            1  0  1   0  2   2  1  0  0  0  0/0    22:55   2:05   4:02 
Zbynek Michalek          0  1  1   0  0   0  2  1  0  0  0/0    20:53   0:00   5:46 

Players Stats for Flyers

Player Name              G  A  P  +/- PIM S  H  SB GA TA FO     MP     PP MP  PK MP  
------------------------------------------------------------------------------------
Brian Gibbons            0  0  0   0  2   1  0  0  0  0  0/0     3:33   0:00   0:00 
Carlo Colaiacovo         0  0  0  -1  0   0  4  2  0  0  0/0    17:14   0:00   0:00 
Damien Brunner           0  0  0   0  0   0  0  0  0  0  1/5     3:34   0:00   0:00 
Dan Boyle                1  0  1  -2  0   6  2  3  0  0  0/0    31:01   6:05   1:39 
Daniel Sedin             1  1  2   1  0   3  2  0  0  0  2/6    24:36   5:16   0:23 
Dany Heatley             0  0  0  -1  0   0  0  0  0  0  1/1     8:09   0:00   0:00 
Gabriel Bourque          1  0  1  -1  0   3  0  0  0  0  0/1     8:09   0:00   0:00 
Joel Ward                0  0  0   1  0   2  2  0  0  0  1/2    24:45   5:16   2:59 
Kyle Brodziak            0  0  0  -1  0   1  2  0  0  0  1/6    23:15   5:13   3:03 
Kyle Okposo              1  1  2   1  0   1  2  0  0  0  12/40  24:11   5:16   0:00 
Marek Zidlicky           0  0  0   1  2   3  2  2  0  0  0/0    29:12   4:12   1:47 
Mark Fistric             0  0  0  -1  0   2  0  0  0  0  0/0    11:06   6:17   0:10 
Mike Ribeiro             0  0  0  -1  2   4  3  0  0  0  11/30  20:11   5:13   0:00 
Mike Santorelli          0  1  1  -1  0   5  1  1  0  0  0/1    21:03   5:13   0:23 
Nathan Gerbe             0  0  0   0  0   0  1  0  0  0  0/0     4:04   0:00   0:04 
Olli Jokinen             0  1  1  -1  2   1  1  0  0  0  6/12    9:02   0:00   0:00 
Philip Larsen            0  1  1   1  0   0  0  1  0  0  0/0     9:20   0:12   0:00 
Tom Gilbert              0  0  0   0  0   2  0  0  0  0  0/0    22:06   4:12   3:16 

3 Stars

1 - Kyle Okposo (PHI)
2 - Daniel Sedin (PHI)
3 - T.J. Oshie (NSH)

Power Play

Predators - 2 on 3 Attempt(s) - 66.67%
Flyers - 2 on 7 Attempt(s) - 28.57%

Penalty Kill

Predators - 5 on 7 Attempt(s) - 71.43% - Score 0 goal in Penalty Kill
Flyers - 1 on 3 Attempt(s) - 33.33% - Score 0 goal in Penalty Kill

Team Stat

Predators - Hits : 21 - Faceoff Wins : 69 - Blocked Shots : 4 - Penalty Minutes : 16
Flyers - Hits : 22 - Faceoff Wins : 35 - Blocked Shots : 9 - Penalty Minutes : 8

Official

Referees : Trevor Hanson and Jon Mclsaac
Linesman : Steve Barton and Tim Nowak

Game Notes

No Game Note

Finance

Level 1 -- Attendance: 5605 (86.23%) -- Ticket Income $588,525
Level 2 -- Attendance: 4939 (98.78%) -- Ticket Income $335,852
Level 3 -- Attendance: 3500 (100.00%) -- Ticket Income $122,500
Level 4 -- Attendance: 2804 (79.28%) -- Ticket Income $53,276
Luxury Box -- Attendance: 992 (99.20%) -- Ticket Income $188,480
Game was played at the Wells Fargo Center'
Total Attendance: 17840 (91.31%)
Total Ticket Income: $1,288,633
Other Income: $193,295
Total Income: $1,481,928

% Time on Ice - Predators

Lines # - Real PCT - Wanted PCT - Time Play
Normal Forward
1 - 37% - 34% - 15:52
2 - 31% - 31% - 13:20
3 - 25% - 27% - 10:55
4 - 7% - 8% - 3:05
Normal Defense
1 - 33% - 33% - 14:27
2 - 34% - 32% - 14:34
3 - 27% - 25% - 11:29
4 - 6% - 10% - 2:42
PP Forward
1 - 45% - 64% - 1:33
2 - 55% - 36% - 1:53
PP Defense
1 - 61% - 60% - 2:05
2 - 39% - 40% - 1:21
PK Forward
1 - 78% - 60% - 8:11
2 - 22% - 40% - 2:18
PK Defense
1 - 55% - 60% - 5:46
2 - 45% - 40% - 4:43
PK3 Forward
1 - 0% - 60%
2 - 0% - 40%
PK3 Defense
1 - 0% - 60%
2 - 0% - 40%
44 Forward
1 - 68% - 60% - 1:21
2 - 32% - 40% - 0:38
44 Defense
1 - 72% - 60% - 1:26
2 - 28% - 40% - 0:33
Last Minute Offensive  - 0:00
Last Minute Defensive  - 0:54
Total
Forward - 60:00
Defense - 60:00

% Time on Ice - Flyers

Lines # - Real PCT - Wanted PCT - Time Play
Normal Forward
1 - 38% - 40% - 16:30
2 - 35% - 35% - 14:59
3 - 19% - 20% - 8:09
4 - 8% - 5% - 3:34
Normal Defense
1 - 40% - 45% - 17:14
2 - 32% - 30% - 13:37
3 - 18% - 20% - 7:42
4 - 11% - 5% - 4:39
PP Forward
1 - 50% - 60% - 5:16
2 - 50% - 40% - 5:13
PP Defense
1 - 60% - 60% - 6:17
2 - 40% - 40% - 4:12
PK Forward
1 - 89% - 60% - 3:03
2 - 11% - 40% - 0:23
PK Defense
1 - 52% - 60% - 1:47
2 - 48% - 40% - 1:39
PK3 Forward
1 - 0% - 60%
2 - 0% - 40%
PK3 Defense
1 - 0% - 60%
2 - 0% - 40%
44 Forward
1 - 76% - 60% - 1:31
2 - 24% - 40% - 0:28
44 Defense
1 - 51% - 60% - 1:01
2 - 49% - 40% - 0:58
Last Minute Offensive  - 0:54
Last Minute Defensive  - 0:00
Total
Forward - 60:00
Defense - 60:00

Play by Play

1st period


0:01 of 1st period - Nicklas Backstrom wins face-off versus Kyle Okposo in neutral zone.
0:03 of 1st period - Jaden Schwartz is hit by Carlo Colaiacovo.
0:05 of 1st period - Shot by Max Pacioretty.
0:05 of 1st period - Shot Blocked by Carlo Colaiacovo.
1:25 of 1st period - Shot by Mike Ribeiro.
1:25 of 1st period - Stopped by Anton Khudobin without a rebound.
1:26 of 1st period - Valtteri Filppula wins face-off versus Olli Jokinen in Predators zone.
1:44 of 1st period - Icing by Valtteri Filppula.
1:45 of 1st period - Casey Cizikas wins face-off versus Mike Ribeiro in Predators zone.
2:00 of 1st period - Shot by Mike Santorelli.
2:00 of 1st period - Stopped by Anton Khudobin with a rebound.
2:02 of 1st period - Shot by Kyle Brodziak.
2:02 of 1st period - Shot Misses the Net.
2:05 of 1st period - Mike Ribeiro is hit by Anton Stralman and loses puck.
2:08 of 1st period - Shot by Mike Santorelli.
2:08 of 1st period - Stopped by Anton Khudobin without a rebound.
2:09 of 1st period - Olli Jokinen wins face-off versus Patrik Berglund in Predators zone.
2:32 of 1st period - Shot by Olli Jokinen.
2:32 of 1st period - Shot Misses the Net.
2:34 of 1st period - Shot by Dan Boyle.
2:34 of 1st period - Stopped by Anton Khudobin with a rebound.
3:01 of 1st period - Icing by Cody Franson.
3:02 of 1st period - Patrik Berglund wins face-off versus Mike Ribeiro in Predators zone.
3:06 of 1st period - Roman Josi is hit by Kyle Brodziak and loses puck.
3:10 of 1st period - Minor Penalty to Mike Ribeiro for Cross-checking.
3:10 of 1st period - Minor Penalty to Cody Franson for Roughing.
3:11 of 1st period - Steven Stamkos wins face-off versus Daniel Sedin in Predators zone.
3:11 of 1st period - Steven Stamkos is hit by Daniel Sedin.
3:34 of 1st period - Shot by Steven Stamkos.
3:34 of 1st period - Deflect By Max Pacioretty.
3:34 of 1st period - Stopped by Craig Anderson without a rebound.
3:35 of 1st period - Steven Stamkos wins face-off versus Daniel Sedin in Flyers zone.
3:38 of 1st period - Shot by Max Pacioretty.
3:38 of 1st period - Shot Misses the Net.
3:41 of 1st period - Icing by Philip Larsen.
3:42 of 1st period - Kyle Okposo wins face-off versus Steven Stamkos in Flyers zone.
4:39 of 1st period - Jordie Benn is hit by Marek Zidlicky.
4:49 of 1st period - Shot by Jordie Benn.
4:49 of 1st period - Stopped by Craig Anderson without a rebound.
4:50 of 1st period - Daniel Sedin wins face-off versus Nicklas Backstrom in Flyers zone.
5:00 of 1st period - Shot by Marek Zidlicky.
5:00 of 1st period - Stopped by Anton Khudobin without a rebound.
5:01 of 1st period - Steven Stamkos wins face-off versus Kyle Okposo in Predators zone.
5:42 of 1st period - Shot by Brandon Prust.
5:42 of 1st period - Shot Misses the Net.
5:44 of 1st period - Shot by Justin Abdelkader.
5:44 of 1st period - Goal by Justin Abdelkader - Predators : 1 - Flyers : 0.
5:45 of 1st period - Damien Brunner wins face-off versus Steven Stamkos in neutral zone.
5:51 of 1st period - Nathan Gerbe is hit by Zbynek Michalek and loses puck.
6:54 of 1st period - Icing by Kyle Okposo.
6:55 of 1st period - Kyle Okposo wins face-off versus Casey Cizikas in Flyers zone.
7:17 of 1st period - Shot by Valtteri Filppula.
7:17 of 1st period - Shot Blocked by Dan Boyle.
7:21 of 1st period - Shot by Valtteri Filppula.
7:21 of 1st period - Deflect By Casey Cizikas.
7:21 of 1st period - Stopped by Craig Anderson without a rebound.
7:22 of 1st period - Mike Ribeiro wins face-off versus Nicklas Backstrom in Flyers zone.
8:39 of 1st period - Shot by Joel Ward.
8:39 of 1st period - Shot Misses the Net.
8:44 of 1st period - Icing by Zach Bogosian.
8:45 of 1st period - Olli Jokinen wins face-off versus Steven Stamkos in Predators zone.
9:03 of 1st period - Shot by Olli Jokinen.
9:03 of 1st period - Deflect By Gabriel Bourque.
9:03 of 1st period - Stopped by Anton Khudobin without a rebound.
9:04 of 1st period - Casey Cizikas wins face-off versus Kyle Okposo in Predators zone.
9:04 of 1st period - Casey Cizikas is hit by Joel Ward.
9:12 of 1st period - Shot by Valtteri Filppula.
9:12 of 1st period - Shot Blocked by Dan Boyle.
9:21 of 1st period - Derick Brassard is hit by Carlo Colaiacovo and loses puck.
9:36 of 1st period - Shot by Valtteri Filppula.
9:36 of 1st period - Shot Misses the Net.
9:38 of 1st period - Shot by Jordie Benn.
9:38 of 1st period - Shot Hit the Post.
10:17 of 1st period - Shot by Jaden Schwartz.
10:17 of 1st period - Stopped by Craig Anderson without a rebound.
10:18 of 1st period - Steven Stamkos wins face-off versus Mike Ribeiro in Flyers zone.
10:23 of 1st period - Shot by Artem Anisimov.
10:23 of 1st period - Stopped by Craig Anderson without a rebound.
10:24 of 1st period - Mike Ribeiro wins face-off versus Jaden Schwartz in Flyers zone.
10:24 of 1st period - Mike Ribeiro is hit by Max Pacioretty.
10:45 of 1st period - Icing by Marek Zidlicky.
10:46 of 1st period - Steven Stamkos wins face-off versus Mike Ribeiro in Flyers zone.
11:13 of 1st period - Shot by Mike Ribeiro.
11:13 of 1st period - Shot Misses the Net.
11:31 of 1st period - Mike Ribeiro is hit by Steven Stamkos and loses puck.
11:46 of 1st period - Icing by Cody Franson.
11:47 of 1st period - Nicklas Backstrom wins face-off versus Kyle Okposo in Predators zone.
11:47 of 1st period - Nicklas Backstrom is hit by Kyle Okposo.
12:01 of 1st period - Shot by Jaden Schwartz.
12:01 of 1st period - Stopped by Craig Anderson with a rebound.
12:03 of 1st period - Shot by Nicklas Backstrom.
12:03 of 1st period - Stopped by Craig Anderson without a rebound.
12:04 of 1st period - Casey Cizikas wins face-off versus Olli Jokinen in Flyers zone.
12:07 of 1st period - Shot by Derick Brassard.
12:07 of 1st period - Stopped by Craig Anderson without a rebound.
12:08 of 1st period - Kyle Okposo wins face-off versus Casey Cizikas in Flyers zone.
12:17 of 1st period - Shot by Kyle Okposo.
12:17 of 1st period - Shot Misses the Net.
12:23 of 1st period - Dan Boyle is hit by Derick Brassard and loses puck.
12:38 of 1st period - Shot by Casey Cizikas.
12:38 of 1st period - Shot Hit the Post.
12:50 of 1st period - Shot by Cody Franson.
12:50 of 1st period - Shot Blocked by Carlo Colaiacovo.
13:32 of 1st period - Shot by Max Pacioretty.
13:32 of 1st period - Shot Misses the Net.
13:34 of 1st period - Shot by Zach Bogosian.
13:34 of 1st period - Goal by Zach Bogosian - Predators : 2 - Flyers : 0.
13:35 of 1st period - Steven Stamkos wins face-off versus Kyle Brodziak in neutral zone.
14:45 of 1st period - Minor Penalty to Zach Bogosian for Hooking.
14:46 of 1st period - Casey Cizikas wins face-off versus Kyle Okposo in Predators zone.
15:12 of 1st period - Off-side.
15:13 of 1st period - Casey Cizikas wins face-off versus Kyle Brodziak in neutral zone.
15:27 of 1st period - Shot by Mike Santorelli.
15:27 of 1st period - Stopped by Anton Khudobin without a rebound.
15:28 of 1st period - Casey Cizikas wins face-off versus Kyle Okposo in Predators zone.
15:44 of 1st period - Icing by Marek Zidlicky.
15:45 of 1st period - Casey Cizikas wins face-off versus Kyle Okposo in Flyers zone.
16:14 of 1st period - Shot by Marek Zidlicky.
16:14 of 1st period - Stopped by Anton Khudobin with a rebound.
16:16 of 1st period - Shot by Tom Gilbert.
16:16 of 1st period - Shot Misses the Net.
16:35 of 1st period - Icing by Dan Boyle.
16:36 of 1st period - Artem Anisimov wins face-off versus Mike Ribeiro in Flyers zone.
16:42 of 1st period - Icing by Dan Boyle.
16:43 of 1st period - Brandon Prust wins face-off versus Mike Ribeiro in Flyers zone.
18:24 of 1st period - Nicklas Backstrom is hit by Kyle Brodziak and loses puck.
18:51 of 1st period - Shot by Mike Santorelli.
18:51 of 1st period - Stopped by Anton Khudobin without a rebound.
18:52 of 1st period - Casey Cizikas wins face-off versus Damien Brunner in Predators zone.
18:52 of 1st period - Casey Cizikas is hit by Nathan Gerbe.
18:53 of 1st period - Minor Penalty to Brian Gibbons for Interference.
18:54 of 1st period - Valtteri Filppula wins face-off versus Joel Ward in Flyers zone.
19:31 of 1st period - Shot by Steven Stamkos.
19:31 of 1st period - Stopped by Craig Anderson without a rebound.
19:32 of 1st period - Daniel Sedin wins face-off versus Valtteri Filppula in Flyers zone.
19:32 of 1st period - Daniel Sedin is hit by Justin Abdelkader.
19:50 of 1st period - Shot by Jordie Benn.
19:50 of 1st period - Stopped by Craig Anderson with a rebound.
Goals for this period are 2 for Predators vs 0 for Flyers.
Shots for this period are 12 for Predators vs 9 for Flyers.

2nd period


0:01 of 2nd period - Nicklas Backstrom wins face-off versus Kyle Brodziak in neutral zone.
0:04 of 2nd period - Marek Zidlicky is hit by Max Pacioretty and loses puck.
0:37 of 2nd period - Shot by Roman Josi.
0:37 of 2nd period - Shot Misses the Net.
0:58 of 2nd period - Minor Penalty to Valtteri Filppula for Boarding.
0:59 of 2nd period - Casey Cizikas wins face-off versus Kyle Okposo in Predators zone.
1:12 of 2nd period - Shot by Dan Boyle.
1:12 of 2nd period - Stopped by Anton Khudobin without a rebound.
1:13 of 2nd period - T.J. Oshie wins face-off versus Mike Ribeiro in Predators zone.
1:28 of 2nd period - Shot by Dan Boyle.
1:28 of 2nd period - Stopped by Anton Khudobin with a rebound.
1:35 of 2nd period - Icing by Mike Santorelli.
1:36 of 2nd period - Casey Cizikas wins face-off versus Mike Ribeiro in Flyers zone.
1:46 of 2nd period - Icing by Dan Boyle.
1:47 of 2nd period - Kyle Brodziak wins face-off versus Casey Cizikas in Flyers zone.
2:04 of 2nd period - Shot by Mark Fistric.
2:04 of 2nd period - Shot Blocked by Cody Franson.
2:59 of 2nd period - Kyle Okposo is hit by Jordie Benn and loses puck.
3:15 of 2nd period - Olli Jokinen is hit by Anton Stralman and loses puck.
3:27 of 2nd period - Minor Penalty to Jordie Benn for Cross-checking.
3:28 of 2nd period - Kyle Okposo wins face-off versus Casey Cizikas in Predators zone.
3:42 of 2nd period - Icing by Joel Ward.
3:43 of 2nd period - Casey Cizikas wins face-off versus Kyle Okposo in Flyers zone.
4:00 of 2nd period - Shot by Kyle Okposo.
4:00 of 2nd period - Shot Misses the Net.
4:48 of 2nd period - Shot by Mike Ribeiro.
4:48 of 2nd period - Shot Misses the Net.
4:50 of 2nd period - Shot by Marek Zidlicky.
4:50 of 2nd period - Stopped by Anton Khudobin without a rebound.
4:51 of 2nd period - Kyle Okposo wins face-off versus Artem Anisimov in Predators zone.
5:48 of 2nd period - Shot by Jaden Schwartz.
5:48 of 2nd period - Shot Misses the Net.
6:02 of 2nd period - Shot by Jaden Schwartz.
6:02 of 2nd period - Deflect By Nicklas Backstrom.
6:02 of 2nd period - Stopped by Craig Anderson without a rebound.
6:03 of 2nd period - Mike Ribeiro wins face-off versus Steven Stamkos in Flyers zone.
7:28 of 2nd period - Minor Penalty to Casey Cizikas for Tripping.
7:29 of 2nd period - Kyle Okposo wins face-off versus Valtteri Filppula in Predators zone.
7:36 of 2nd period - Shot by Philip Larsen.
7:36 of 2nd period - Shot Misses the Net.
7:38 of 2nd period - Shot by Daniel Sedin.
7:38 of 2nd period - Shot Misses the Net.
7:40 of 2nd period - Shot by Mark Fistric.
7:40 of 2nd period - Stopped by Anton Khudobin without a rebound.
7:41 of 2nd period - Valtteri Filppula wins face-off versus Mike Ribeiro in Predators zone.
7:41 of 2nd period - Jordie Benn is hit by Mike Ribeiro and loses puck.
7:58 of 2nd period - Shot by Dan Boyle.
7:58 of 2nd period - Stopped by Anton Khudobin with a rebound.
8:00 of 2nd period - Shot by Dan Boyle.
8:00 of 2nd period - Goal by Dan Boyle - Predators : 2 - Flyers : 1.
8:01 of 2nd period - Nicklas Backstrom wins face-off versus Kyle Okposo in neutral zone.
8:04 of 2nd period - Daniel Sedin is hit by Nicklas Backstrom and loses puck.
8:09 of 2nd period - Shot by Jaden Schwartz.
8:09 of 2nd period - Stopped by Craig Anderson with a rebound.
8:11 of 2nd period - Shot by Max Pacioretty.
8:11 of 2nd period - Stopped by Craig Anderson without a rebound.
8:12 of 2nd period - Casey Cizikas wins face-off versus Mike Ribeiro in Flyers zone.
8:55 of 2nd period - Shot by Derick Brassard.
8:55 of 2nd period - Shot Blocked by Dan Boyle.
10:12 of 2nd period - Gabriel Bourque is hit by Zach Bogosian and loses puck.
10:29 of 2nd period - Shot by Dany Heatley.
10:29 of 2nd period - Deflect By Gabriel Bourque.
10:29 of 2nd period - Stopped by Anton Khudobin without a rebound.
10:30 of 2nd period - Nicklas Backstrom wins face-off versus Damien Brunner in Predators zone.
11:06 of 2nd period - Icing by Jordie Benn.
11:07 of 2nd period - Mike Ribeiro wins face-off versus Nicklas Backstrom in Predators zone.
11:10 of 2nd period - Shot by Tom Gilbert.
11:10 of 2nd period - Stopped by Anton Khudobin with a rebound.
11:12 of 2nd period - Shot by Kyle Brodziak.
11:12 of 2nd period - Stopped by Anton Khudobin without a rebound.
11:13 of 2nd period - Casey Cizikas wins face-off versus Kyle Okposo in Predators zone.
11:13 of 2nd period - Casey Cizikas is hit by Joel Ward.
11:27 of 2nd period - Shot by Derick Brassard.
11:27 of 2nd period - Stopped by Craig Anderson without a rebound.
11:28 of 2nd period - Patrik Berglund wins face-off versus Mike Ribeiro in Flyers zone.
11:49 of 2nd period - Shot by Patrik Berglund.
11:49 of 2nd period - Shot Misses the Net.
11:51 of 2nd period - Shot by Justin Abdelkader.
11:51 of 2nd period - Stopped by Craig Anderson without a rebound.
11:52 of 2nd period - Casey Cizikas wins face-off versus Kyle Okposo in Flyers zone.
11:59 of 2nd period - Shot by Valtteri Filppula.
11:59 of 2nd period - Shot Misses the Net.
12:58 of 2nd period - Mike Santorelli is hit by Zbynek Michalek.
13:05 of 2nd period - Off-side.
13:06 of 2nd period - Nicklas Backstrom wins face-off versus Olli Jokinen in neutral zone.
13:23 of 2nd period - Shot by Max Pacioretty.
13:23 of 2nd period - Stopped by Craig Anderson without a rebound.
13:24 of 2nd period - Steven Stamkos wins face-off versus Mike Ribeiro in Flyers zone.
13:33 of 2nd period - Shot by Steven Stamkos.
13:33 of 2nd period - Stopped by Craig Anderson without a rebound.
13:34 of 2nd period - Nicklas Backstrom wins face-off versus Kyle Okposo in Flyers zone.
13:37 of 2nd period - Shot by Jaden Schwartz.
13:37 of 2nd period - Stopped by Craig Anderson without a rebound.
13:38 of 2nd period - Steven Stamkos wins face-off versus Kyle Okposo in Flyers zone.
13:49 of 2nd period - Shot by Steven Stamkos.
13:49 of 2nd period - Shot Misses the Net.
13:53 of 2nd period - Shot by Steven Stamkos.
13:53 of 2nd period - Shot Misses the Net.
14:07 of 2nd period - Shot by Artem Anisimov.
14:07 of 2nd period - Shot Misses the Net.
14:18 of 2nd period - Minor Penalty to T.J. Oshie for Interference.
14:19 of 2nd period - Casey Cizikas wins face-off versus Mike Santorelli in Predators zone.
14:19 of 2nd period - Casey Cizikas is hit by Mike Ribeiro.
15:25 of 2nd period - Shot by Daniel Sedin.
15:25 of 2nd period - Stopped by Anton Khudobin without a rebound.
15:26 of 2nd period - Artem Anisimov wins face-off versus Kyle Okposo in Predators zone.
15:32 of 2nd period - Icing by Daniel Sedin.
15:33 of 2nd period - Casey Cizikas wins face-off versus Kyle Okposo in Flyers zone.
15:54 of 2nd period - Shot by Tom Gilbert.
15:54 of 2nd period - Stopped by Anton Khudobin without a rebound.
15:55 of 2nd period - Casey Cizikas wins face-off versus Mike Ribeiro in Predators zone.
15:55 of 2nd period - Casey Cizikas is hit by Mike Ribeiro.
16:02 of 2nd period - Icing by Mark Fistric.
16:03 of 2nd period - Mike Ribeiro wins face-off versus Casey Cizikas in Flyers zone.
16:05 of 2nd period - Icing by Mike Santorelli.
16:06 of 2nd period - Casey Cizikas wins face-off versus Mike Ribeiro in Flyers zone.
16:19 of 2nd period - Shot by Kyle Okposo.
16:19 of 2nd period - Deflect By Daniel Sedin.
16:19 of 2nd period - Shot Misses the Net.
16:31 of 2nd period - Shot by Jaden Schwartz.
16:31 of 2nd period - Shot Blocked by Marek Zidlicky.
16:49 of 2nd period - Nicklas Backstrom is hit by Marek Zidlicky and loses puck.
17:28 of 2nd period - Minor Penalty to Marek Zidlicky for Roughing.
17:29 of 2nd period - Valtteri Filppula wins face-off versus Kyle Brodziak in Flyers zone.
17:32 of 2nd period - Shot by Jaden Schwartz.
17:32 of 2nd period - Goal by Jaden Schwartz - Predators : 3 - Flyers : 1.
17:33 of 2nd period - Casey Cizikas wins face-off versus Mike Ribeiro in neutral zone.
18:03 of 2nd period - Dan Boyle is hit by Casey Cizikas and loses puck.
18:14 of 2nd period - Shot by Valtteri Filppula.
18:14 of 2nd period - Shot Misses the Net.
18:44 of 2nd period - Shot by Olli Jokinen.
18:44 of 2nd period - Shot Misses the Net.
18:46 of 2nd period - Shot by Gabriel Bourque.
18:46 of 2nd period - Goal by Gabriel Bourque - Predators : 3 - Flyers : 2.
18:47 of 2nd period - Steven Stamkos wins face-off versus Olli Jokinen in neutral zone.
19:07 of 2nd period - Philip Larsen is hit by T.J. Oshie and loses puck.
19:32 of 2nd period - Shot by Steven Stamkos.
19:32 of 2nd period - Shot Blocked by Philip Larsen.
Goals for this period are 1 for Predators vs 2 for Flyers.
Shots for this period are 9 for Predators vs 12 for Flyers.

3rd period


0:01 of 3rd period - Nicklas Backstrom wins face-off versus Kyle Okposo in neutral zone.
0:05 of 3rd period - Zach Bogosian is hit by Dan Boyle and loses puck.
0:11 of 3rd period - Off-side.
0:12 of 3rd period - Mike Ribeiro wins face-off versus Casey Cizikas in neutral zone.
2:27 of 3rd period - Shot by Steven Stamkos.
2:27 of 3rd period - Shot Misses the Net.
2:29 of 3rd period - Shot by T.J. Oshie.
2:29 of 3rd period - Stopped by Craig Anderson without a rebound.
2:30 of 3rd period - Mike Ribeiro wins face-off versus Patrik Berglund in Flyers zone.
2:59 of 3rd period - Shot by Mike Santorelli.
2:59 of 3rd period - Shot Blocked by Patrik Berglund.
3:08 of 3rd period - Justin Abdelkader is hit by Mike Santorelli and loses puck.
3:12 of 3rd period - Off-side.
3:13 of 3rd period - Olli Jokinen wins face-off versus Steven Stamkos in neutral zone.
3:13 of 3rd period - Philip Larsen is hit by T.J. Oshie and loses puck.
3:25 of 3rd period - Icing by Jordie Benn.
3:26 of 3rd period - T.J. Oshie wins face-off versus Damien Brunner in Predators zone.
3:48 of 3rd period - Dan Boyle is hit by Anton Stralman and loses puck.
3:51 of 3rd period - Shot by Brian Gibbons.
3:51 of 3rd period - Stopped by Anton Khudobin without a rebound.
3:52 of 3rd period - Mike Ribeiro wins face-off versus Nicklas Backstrom in Predators zone.
4:05 of 3rd period - Shot by Nicklas Backstrom.
4:05 of 3rd period - Shot Misses the Net.
4:17 of 3rd period - Shot by Nicklas Backstrom.
4:17 of 3rd period - Shot Misses the Net.
4:19 of 3rd period - Shot by Zach Bogosian.
4:19 of 3rd period - Stopped by Craig Anderson without a rebound.
4:20 of 3rd period - Casey Cizikas wins face-off versus Kyle Okposo in Flyers zone.
5:31 of 3rd period - Shot by Max Pacioretty.
5:31 of 3rd period - Shot Misses the Net.
5:58 of 3rd period - Off-side.
5:59 of 3rd period - Olli Jokinen wins face-off versus Steven Stamkos in neutral zone.
5:59 of 3rd period - Dan Boyle is hit by T.J. Oshie and loses puck.
6:14 of 3rd period - Off-side.
6:15 of 3rd period - Kyle Okposo wins face-off versus Patrik Berglund in neutral zone.
6:17 of 3rd period - Off-side.
6:18 of 3rd period - Steven Stamkos wins face-off versus Kyle Okposo in neutral zone.
6:23 of 3rd period - Shot by T.J. Oshie.
6:23 of 3rd period - Shot Blocked by Marek Zidlicky.
6:25 of 3rd period - Shot by Roman Josi.
6:25 of 3rd period - Stopped by Craig Anderson without a rebound.
6:26 of 3rd period - Nicklas Backstrom wins face-off versus Kyle Okposo in Flyers zone.
6:27 of 3rd period - Shot by Jaden Schwartz.
6:27 of 3rd period - Shot Misses the Net.
6:29 of 3rd period - Shot by Nicklas Backstrom.
6:29 of 3rd period - Stopped by Craig Anderson without a rebound.
6:30 of 3rd period - Nicklas Backstrom wins face-off versus Kyle Okposo in Flyers zone.
6:39 of 3rd period - Shot by Dan Boyle.
6:39 of 3rd period - Stopped by Anton Khudobin without a rebound.
6:40 of 3rd period - Kyle Okposo wins face-off versus Steven Stamkos in Predators zone.
6:50 of 3rd period - Off-side.
6:51 of 3rd period - Max Pacioretty wins face-off versus Mike Ribeiro in neutral zone.
7:09 of 3rd period - Mike Ribeiro is hit by Cody Franson and loses puck.
7:11 of 3rd period - Minor Penalty to Cody Franson for Goalie Interference.
7:12 of 3rd period - Kyle Okposo wins face-off versus Casey Cizikas in Predators zone.
7:13 of 3rd period - Shot by Daniel Sedin.
7:13 of 3rd period - Goal by Daniel Sedin - Predators : 3 - Flyers : 3.
7:14 of 3rd period - Kyle Okposo wins face-off versus Steven Stamkos in neutral zone.
7:28 of 3rd period - Shot by Joel Ward.
7:28 of 3rd period - Shot Misses the Net.
7:30 of 3rd period - Shot by Carlo Colaiacovo.
7:30 of 3rd period - Shot Blocked by Zbynek Michalek.
7:35 of 3rd period - Zach Bogosian is hit by Dan Boyle and loses puck.
7:55 of 3rd period - Joel Ward is hit by Steven Stamkos and loses puck.
9:09 of 3rd period - Off-side.
9:10 of 3rd period - Dany Heatley wins face-off versus Casey Cizikas in neutral zone.
9:52 of 3rd period - Jordie Benn is hit by Olli Jokinen and loses puck.
10:13 of 3rd period - Roman Josi is hit by Kyle Okposo and loses puck.
10:22 of 3rd period - Shot by Kyle Okposo.
10:22 of 3rd period - Shot Misses the Net.
10:24 of 3rd period - Shot by Kyle Okposo.
10:24 of 3rd period - Goal by Kyle Okposo - Predators : 3 - Flyers : 4.
10:25 of 3rd period - Patrik Berglund wins face-off versus Damien Brunner in neutral zone.
10:40 of 3rd period - Shot by Patrik Berglund.
10:40 of 3rd period - Deflect By Justin Abdelkader.
10:40 of 3rd period - Shot Misses the Net.
10:42 of 3rd period - Shot by Cody Franson.
10:42 of 3rd period - Stopped by Craig Anderson without a rebound.
10:43 of 3rd period - Nicklas Backstrom wins face-off versus Kyle Okposo in Flyers zone.
10:50 of 3rd period - Shot by Nicklas Backstrom.
10:50 of 3rd period - Stopped by Craig Anderson without a rebound.
10:51 of 3rd period - Nicklas Backstrom wins face-off versus Kyle Okposo in Flyers zone.
10:57 of 3rd period - Icing by Dan Boyle.
10:58 of 3rd period - Nicklas Backstrom wins face-off versus Kyle Okposo in Flyers zone.
11:37 of 3rd period - Shot by Kyle Okposo.
11:37 of 3rd period - Shot Misses the Net.
11:39 of 3rd period - Shot by Joel Ward.
11:39 of 3rd period - Stopped by Anton Khudobin with a rebound.
11:54 of 3rd period - Minor Penalty to Casey Cizikas for Hooking.
11:55 of 3rd period - Valtteri Filppula wins face-off versus Mike Ribeiro in Predators zone.
12:24 of 3rd period - Shot by Mike Ribeiro.
12:24 of 3rd period - Stopped by Anton Khudobin without a rebound.
12:25 of 3rd period - Kyle Okposo wins face-off versus Valtteri Filppula in Predators zone.
12:26 of 3rd period - Shot by Joel Ward.
12:26 of 3rd period - Stopped by Anton Khudobin without a rebound.
12:27 of 3rd period - Kyle Okposo wins face-off versus Valtteri Filppula in Predators zone.
12:40 of 3rd period - Shot by Dan Boyle.
12:40 of 3rd period - Shot Misses the Net.
12:42 of 3rd period - Shot by Mark Fistric.
12:42 of 3rd period - Deflect By Daniel Sedin.
12:42 of 3rd period - Stopped by Anton Khudobin without a rebound.
12:43 of 3rd period - Valtteri Filppula wins face-off versus Mike Ribeiro in Predators zone.
12:49 of 3rd period - Icing by Kyle Brodziak.
12:50 of 3rd period - Mike Ribeiro wins face-off versus Valtteri Filppula in Flyers zone.
13:12 of 3rd period - Shot by Marek Zidlicky.
13:12 of 3rd period - Shot Blocked by Cody Franson.
13:14 of 3rd period - Shot by Mike Santorelli.
13:14 of 3rd period - Stopped by Anton Khudobin without a rebound.
13:15 of 3rd period - Valtteri Filppula wins face-off versus Kyle Okposo in Predators zone.
13:47 of 3rd period - Shot by Mark Fistric.
13:47 of 3rd period - Stopped by Anton Khudobin without a rebound.
13:48 of 3rd period - Artem Anisimov wins face-off versus Mike Ribeiro in Predators zone.
14:00 of 3rd period - Off-side.
14:01 of 3rd period - Mike Ribeiro wins face-off versus Casey Cizikas in neutral zone.
14:01 of 3rd period - Mike Santorelli is hit by Casey Cizikas and loses puck.
14:08 of 3rd period - Shot by Valtteri Filppula.
14:08 of 3rd period - Stopped by Craig Anderson with a rebound.
14:12 of 3rd period - Shot by Casey Cizikas.
14:12 of 3rd period - Shot Misses the Net.
14:18 of 3rd period - Shot by Valtteri Filppula.
14:18 of 3rd period - Shot Blocked by Mike Santorelli.
14:20 of 3rd period - Shot by Valtteri Filppula.
14:20 of 3rd period - Shot Misses the Net.
14:40 of 3rd period - Shot by Derick Brassard.
14:40 of 3rd period - Shot Misses the Net.
14:42 of 3rd period - Shot by Derick Brassard.
14:42 of 3rd period - Stopped by Craig Anderson without a rebound.
14:43 of 3rd period - Nicklas Backstrom wins face-off versus Kyle Okposo in Flyers zone.
14:53 of 3rd period - Off-side.
14:54 of 3rd period - Olli Jokinen wins face-off versus Steven Stamkos in neutral zone.
15:05 of 3rd period - Shot by Steven Stamkos.
15:05 of 3rd period - Stopped by Craig Anderson without a rebound.
15:06 of 3rd period - Nicklas Backstrom wins face-off versus Kyle Okposo in Flyers zone.
15:15 of 3rd period - Shot by Daniel Sedin.
15:15 of 3rd period - Shot Misses the Net.
16:24 of 3rd period - Shot by Mike Ribeiro.
16:24 of 3rd period - Stopped by Anton Khudobin without a rebound.
16:25 of 3rd period - Steven Stamkos wins face-off versus Gabriel Bourque in Predators zone.
16:32 of 3rd period - Shot by Steven Stamkos.
16:32 of 3rd period - Goal by Steven Stamkos - Predators : 4 - Flyers : 4.
16:33 of 3rd period - Steven Stamkos wins face-off versus Olli Jokinen in neutral zone.
16:33 of 3rd period - Minor Penalty to Olli Jokinen for Roughing.
16:34 of 3rd period - Joel Ward wins face-off versus Valtteri Filppula in Flyers zone.
17:07 of 3rd period - Shot by Anton Stralman.
17:07 of 3rd period - Stopped by Craig Anderson with a rebound.
17:09 of 3rd period - Shot by Artem Anisimov.
17:09 of 3rd period - Stopped by Craig Anderson without a rebound.
17:10 of 3rd period - Nicklas Backstrom wins face-off versus Kyle Brodziak in Flyers zone.
17:25 of 3rd period - Shot by Roman Josi.
17:25 of 3rd period - Stopped by Craig Anderson without a rebound.
17:26 of 3rd period - Nicklas Backstrom wins face-off versus Daniel Sedin in Flyers zone.
17:48 of 3rd period - Shot by Nicklas Backstrom.
17:48 of 3rd period - Stopped by Craig Anderson with a rebound.
17:50 of 3rd period - Shot by Max Pacioretty.
17:50 of 3rd period - Stopped by Craig Anderson without a rebound.
17:51 of 3rd period - Valtteri Filppula wins face-off versus Daniel Sedin in Flyers zone.
17:56 of 3rd period - Shot by T.J. Oshie.
17:56 of 3rd period - Goal by T.J. Oshie - Predators : 5 - Flyers : 4.
17:57 of 3rd period - Olli Jokinen wins face-off versus Casey Cizikas in neutral zone.
17:57 of 3rd period - Dan Boyle is hit by Derick Brassard and loses puck.
18:15 of 3rd period - Shot by Olli Jokinen.
18:15 of 3rd period - Stopped by Anton Khudobin without a rebound.
18:16 of 3rd period - Mike Ribeiro wins face-off versus Steven Stamkos in Predators zone.
18:23 of 3rd period - Shot by Mike Ribeiro.
18:23 of 3rd period - Stopped by Anton Khudobin without a rebound.
18:24 of 3rd period - Steven Stamkos wins face-off versus Kyle Okposo in Predators zone.
18:24 of 3rd period - Steven Stamkos is hit by Daniel Sedin.
18:33 of 3rd period - T.J. Oshie is hit by Carlo Colaiacovo.
18:58 of 3rd period - Artem Anisimov is hit by Carlo Colaiacovo and loses puck.
19:05 of 3rd period - Shot by Artem Anisimov.
19:05 of 3rd period - Stopped by Craig Anderson without a rebound.
19:06 of 3rd period - Nicklas Backstrom wins face-off versus Olli Jokinen in Flyers zone.
Goals for this period are 2 for Predators vs 2 for Flyers.
Shots for this period are 17 for Predators vs 13 for Flyers.


Output by the SimonT Hockey Simulator (STHS) for Stephane Roy -- Original Page W3C XHTML 1.0 Valid
Hockey Simulator - Hockey Simulation - Hockey Manager